Map: Winter Madness LE

Players

Ascun

  • Race: Zerg Zerg
  • Spawn Location: 5:00

HoldTheDoor - Winner!

  • Race: Protoss Protoss
  • League: Diamond
  • Spawn Location: 11:00

VOD

Have the link to the VOD?

Description

Time

  • Played on: May 5, 2026, 12:11 p.m.
  • Length: 7:29
Show
View Real Time Build Order
Export as new Build Order

Ascun Zerg 

Build Orders: Hatch First 

Get SALT Encoding   

  12  0:00  Drone  
  13  0:12  Overlord  
  13  0:17  Drone  
  14  0:33  Drone x2  
  16  0:38  Drone  
  17  0:54  Hatchery  
  17  0:57  Drone  
  17  0:58  Drone  
  18  1:10  Extractor  
  17  1:14  Spawning Pool  
  17  1:16  Drone  
  17  1:20  Drone  
  18  1:33  Drone  
  19  2:01  Zergling x4  
  21  2:05  Queen  
  23  2:12  Queen  
  25  2:23  Metabolic Boost  
  25  2:24  Drone  
  25  2:27  Drone  
  27  2:35  Overlord  
  27  2:38  Drone  
  28  2:53  Overlord  
  27  3:06  Drone  
  27  3:07  Drone  
  27  3:11  Drone  
  27  3:12  Drone  
  31  3:19  Drone  
  32  3:20  Hatchery  
  32  3:23  Queen  
  33  3:29  Drone  
  33  3:31  Drone  
  35  3:36  Overlord, Drone  
  35  3:39  Drone  
  35  3:40  Drone  
  38  3:43  Drone  
  38  3:45  Drone  
  40  3:50  Drone  
  40  3:53  Drone  
  40  3:54  Drone  
  43  3:58  Overlord  
  43  3:59  Drone  
  43  4:00  Drone  
  45  4:04  Queen  
  47  4:10  Drone  
  47  4:12  Drone  
  47  4:16  Drone  
  50  4:17  Spore Crawler  
  50  4:19  Spore Crawler, Drone  
  49  4:27  Drone  
  50  4:35  Zergling x8  
  50  4:36  Spore Crawler  
  50  4:37  Drone  
  54  4:39  Drone  
  54  4:41  Roach Warren  
  54  4:48  Drone  
  54  4:49  Drone x2  
  57  4:55  Overlord x2  
  57  4:59  Extractor  
  56  5:00  Extractor, Drone  
  56  5:01  Extractor  
  56  5:03  Drone x2  
  57  5:10  Overlord  
  57  5:14  Overlord  
  60  5:17  Drone  
  60  5:19  Drone  
  62  5:21  Spine Crawler  
  62  5:23  Drone x2, Extractor x2  
  62  5:26  Extractor  
  62  5:27  Drone x3  
  62  5:28  Overlord  
  63  5:30  Extractor, Drone  
  63  5:31  Drone x2  
  63  5:32  Drone x3, Extractor  
  63  5:33  Drone x2  
  69  5:40  Drone  
  70  5:45  Drone  
  70  5:48  Hatchery  
  70  5:53  Overlord  
  70  5:55  Drone x3  
  73  6:00  Lair, Evolution Chamber x2  
  73  6:01  Drone x2  
  73  6:10  Overlord x2  
  72  6:11  Zergling x8  
  72  6:12  Zergling x10  
  81  6:22  Roach  
  81  6:23  Roach x2  
  81  6:25  Roach x6  
  101  6:33  Roach  
  101  6:39  Roach x2  
  105  6:42  Roach  
  104  6:47  Roach  
  104  6:48  Roach x4  
  102  6:57  Roach x2  
  96  7:03  Roach  
  96  7:04  Roach  
  96  7:07  Roach  
Show
View Real Time Build Order
Export as new Build Order

HoldTheDoor Protoss - Winner!

Build Orders: 1 Gate Expand, Zealot Archon, Archon Drop 

Get SALT Encoding   

  12  0:00  Probe  
  13  0:12  Probe  
  14  0:17  Pylon  
  14  0:23  Probe  
  15  0:31  Probe  
  16  0:39  Gateway, Probe  
  17  0:50  Assimilator  
  17  0:51  Probe  
  18  1:03  Probe  
  19  1:15  Probe  
  20  1:21  Pylon  
  20  1:42  Nexus  
  20  1:47  Cybernetics Core  
  20  1:50  Assimilator  
  20  1:57  Pylon  
  20  2:17  Gateway, Stalker  
  22  2:32  Warp Gate  
  22  2:33  Probe  
  23  2:45  Probe  
  23  2:47  Adept  
  26  2:55  Gateway  
  26  2:57  Probe  
  27  3:12  Robotics Facility  
  27  3:27  Twilight Council  
  27  3:28  Probe x2  
  29  3:40  Probe  
  30  3:41  Probe  
  30  3:44  Assimilator  
  31  3:49  Warp Prism  
  31  3:52  Probe  
  31  3:54  Probe  
  35  4:04  Probe  
  35  4:09  Dark Shrine  
  36  4:15  Pylon  
  36  4:18  Pylon  
  36  4:21  Gateway  
  36  4:23  Pylon x2  
  36  4:27  Charge, Pylon  
  36  4:29  Stalker  
  38  4:31  Stalker  
  40  4:45  Gateway  
  40  4:56  Immortal  
  40  4:57  Probe  
  45  5:00  Probe  
  45  5:05  Templar Archives  
  46  5:09  Probe  
  46  5:12  Probe  
  46  5:13  Zealot  
  50  5:18  Zealot  
  52  5:21  Probe  
  52  5:26  Gateway  
  52  5:28  Probe  
  54  5:33  Zealot, Probe  
  57  5:37  Zealot  
  59  5:45  Probe  
  59  5:47  Probe  
  59  5:48  Zealot  
  63  5:50  Zealot  
  65  5:57  Gateway  
  65  6:05  Gateway  
  65  6:11  Pylon x2  
  65  6:21  High Templar  
  65  6:22  High Templar x3  
  65  6:24  Zealot x2  
  77  6:29  Archon x2  
  77  6:44  Zealot  
  77  6:45  Zealot  
  71  7:00  Stalker  
  71  7:01  Stalker x5  
Tags
 
Add a new tag
Caveats
  • Supply blocks, unpowered buildings, or Contaminate may cause inaccurate times.
  • Supply counts are checked every 10 seconds.